 Dungeon Crawl Stone Soup version 0.32-a0-876-gcfddb08e57 (webtiles) character file.

Game seed: 12286047991876180822

131 mparten the Trooper (level 4, -4/41 HPs)
             Began as a Mountain Dwarf Fighter on Mar 31, 2024.
             Killed from afar by Dowan (9 damage)
             ... with a puff of flame
             ... on level 4 of the Dungeon.
             The game lasted 00:04:14 (2698 turns).

mparten the Trooper (Mountain Dwarf Fighter)        Turns: 2698, Time: 00:04:15

Health: -4/41      AC: 12    Str: 20    XL:     4   Next: 91%
Magic:  4/4        EV:  4    Int:  9    God:
Gold:   164        SH:  4    Dex:  9    Spells: 3/3 levels left

rFire   . . .        a - +0 war axe
rCold   . . .        c - +0 buckler
rNeg    . . .        g - +0 plate armour
rPois   .            e - +0 helmet
rElec   .            (no cloak)
rCorr   .            (no gloves)
SInv    .            (no boots)
Will    .....        (no amulet) Stlth
                     p - +4 ring of slaying
HPRegen 0.26/turn    (no ring)
MPRegen 0.09/turn

%: no passive effects
@: no status effects
A: runic magic, artefact enchanting
a: no special abilities


You were on level 4 of the Dungeon.
You visited 1 branch of the dungeon, and saw 4 of its levels.

You collected 164 gold pieces.

Inventory:

Hand Weapons
 a - a +0 war axe (weapon)
 l - a +2 dagger of pain
Armour
 c - a +0 buckler (worn)
 e - a +0 helmet (worn)
 g - a +0 plate armour (worn)
Jewellery
 m - a ring of willpower
 p - a +4 ring of slaying (left hand)
Scrolls
 b - a scroll of vulnerability {unknown}
 f - a scroll of revelation {unknown}
 h - a scroll of noise {unknown}
 i - 3 scrolls of teleportation {unknown}
 k - 4 scrolls of identify
 n - a scroll of amnesia {unknown}
 r - a scroll of enchant weapon {unknown}
Potions
 d - 2 potions of might
 j - 2 potions of mutation
 o - a potion of curing {unknown}
 q - 2 potions of haste {unknown}


   Skills:
 * Level 4.4 Fighting
 * Level 3.9 Axes
 + Level 4.0 Armour
 + Level 4.0 Shields


You had 3 spell levels left.
You didn't know any spells.
Your spell library contained the following spells:

 Spells                   Type           Power      Damage    Failure   Level
 Dazzling Flash           Conj/Hex       0%         N/A       98%         3
 Mephitic Cloud           Conj/Alch/Air  0%         N/A       98%         3
 Curse of Agony           Necr           0%         N/A       100%        5
 Silence                  Hex/Air        0%         N/A       100%        5


Dungeon Overview and Level Annotations

Branches:
Dungeon (4/15)
 Temple: D:4-7

Altars:
Hepliaklqana
Nemelex Xobeh

Shops:
D:1 (=*

Annotations:
D:4 Dowan, Duvessa


Innate Abilities, Weirdness & Mutations

Your spellcasting is much less encumbered by armour.
You can use scrolls of enchantment on lesser artefacts.


Message History

You now have 149 gold pieces (gained 8).
You now have 164 gold pieces (gained 15).
Duvessa, Sister of Dowan comes into view.
She is wielding a +2 rapier of protection.
Duvessa shouts!
Dowan, Brother of Duvessa comes into view.
He is wielding a +0 dagger.
Duvessa says, "Where magic fails, the sword succeeds!"
Found a stone staircase leading down.
Duvessa hits you with a +2 rapier of protection.
You barely miss Duvessa.
Duvessa says, "My weaknesses are his strengths!"
Duvessa closely misses you.
Dowan gestures at Duvessa while chanting.
Duvessa seems to speed up.
You barely miss Duvessa.
Duvessa hits you with a +2 rapier of protection.
Dowan casts a spell.
Dowan blinks!
You hit Duvessa but do no damage. Duvessa completely misses you.
Duvessa says, "Where magic fails, the sword succeeds!"
Duvessa hits you but does no damage.
You closely miss Duvessa.
Duvessa hits you with a +2 rapier of protection.
Duvessa yells, "You can run, but you cannot escape us forever!"
Duvessa hits you with a +2 rapier of protection!
You are too injured to fight recklessly!
You are too injured to fight recklessly!
You are too injured to fight recklessly!
You barely miss Duvessa. Duvessa barely misses you.
Duvessa hits you with a +2 rapier of protection.
* * * LOW HITPOINT WARNING * * *
You closely miss Duvessa.
Duvessa hits you with a +2 rapier of protection.
* * * LOW HITPOINT WARNING * * *
You block Duvessa's attack.
You hit Duvessa but do no damage.
Duvessa hits you with a +2 rapier of protection.
* * * LOW HITPOINT WARNING * * *
Dowan gestures at you while chanting. The puff of flame hits you!
You die...

# ................ #
................. #
.................# #
.................#
.................##
.....e............#
..................###
......e@............####
..............(.........
........................
........#####........###
.......## ##.......#
>.....# ##......# ......
#......# ...... #......#
.. #......#


You could see Duvessa (fast) and Dowan.

Vanquished Creatures
  A gnoll (D:1)
  6 adders
  3 dart slugs
  An orc (D:4)
  9 bats
  3 endoplasms
  3 giant cockroaches (D:2)
  5 goblins
  2 hobgoblins
  3 jackals (D:2)
  4 quokkas
  2 ball pythons (D:3)
  4 frilled lizards
  7 kobolds
  8 rats
61 creatures vanquished.

Notes
Turn   | Place    | Note
-------+----------+-------------------------------------------
     0 | D:1      | mparten the Mountain Dwarf Fighter began the quest for the
                  | Orb.
     0 | D:1      | Reached XP level 1. HP: 19/19 MP: 1/1
   163 | D:1      | Reached XP level 2. HP: 19/26 MP: 2/2
   190 | D:1      | Found Heocs's General Store.
   474 | D:1      | Found Bazacosu's Jewellery Shoppe.
   878 | D:2      | Reached XP level 3. HP: 27/33 MP: 3/3
  1471 | D:2      | Reached XP level 4. HP: 40/40 MP: 4/4
  1595 | D:2      | Found a hazy altar of Hepliaklqana.
  2351 | D:3      | Found a sparkling altar of Nemelex Xobeh.
  2688 | D:4      | Noticed Duvessa
  2689 | D:4      | Noticed Dowan
  2698 | D:4      | Killed from afar by Dowan

Illustrated notes

Levels and vault maps discovered:
D:1:      minmay_arrival_stone_box, layout_basic, serial_shops, shop, shop,
          nicolae_shop_stone, corexii_item_surrounded_by_moat
D:2:      layout_loops_corners, basic_altar
D:3:      layout_loops_corners, nemelex_spade_bored_becter
D:4:      minmay_opposing_rooms, layout_layer_cave, lemuel_round_altar,
          serial_shops, shop, nicolae_zig_zag_zippers, uniq_duvessa

Skill      XL: |  1  2  3  4 |
---------------+-------------+-----
Axes           | 3 |  3.9
Fighting       | 4 |  4.4
Armour         | 4 |  4.0
Shields        | 4 |  4.0

Action                     |  1- 3 |  4- 6 || total
---------------------------+-------+-------++-------
  Melee: War axe           |   104 |    60 ||   164
    Use: Scroll            |       |     1 ||     1
 Armour: Scale mail        |    14 |       ||    14
         Plate armour      |    84 |    50 ||   134
  Dodge: Dodged            |    30 |    15 ||    45
  Block: Buckler           |    28 |    11 ||    39

Table legend: (Time is in decaauts)
 A = Elapsed time spent in this place.
 B = Non-inter-level travel time spent in this place.
 C = Inter-level travel time spent in this place.
 D = Time resting spent in this place.
 E = Time spent auto-exploring this place.
 F = Levels seen in this place.
 G = Mean time per level.
                   A        B        C        D        E       F      G
               +--------+--------+--------+--------+--------+-----+--------+
         Total |   2758 |   2673 |     85 |      0 |   2232 |   4 |  689.5 |
       Dungeon |   2758 |   2673 |     85 |      0 |   2232 |   4 |  689.5 |
               +--------+--------+--------+--------+--------+-----+--------+

Top non-repeatable levels by time:
     D:3: 915 daAuts
     D:2: 903 daAuts
     D:1: 847 daAuts
     D:4: 91 daAuts
